 Dungeon Crawl Stone Soup version 0.29-a0-284-gf9362112df (webtiles) character file.

Game seed: 11333154078639811067

2886 bande the Chopper (level 9, -4/55 HPs)
             Began as a Gargoyle Fighter on Mar 23, 2022.
             Was an Elder of Okawaru.
             Slain by a two-headed ogre
             ... wielding a +0 giant club
              (12 damage)
             ... on level 8 of the Dungeon.
             The game lasted 00:16:48 (9174 turns).

bande the Chopper (Gargoyle Fighter)                Turns: 9174, Time: 00:16:49

Health: -4/55      AC: 28    Str: 26    XL:     9   Next: 77%
Magic:  0/21       EV:  8    Int:  9    God:    Okawaru [****..]
Gold:   446        SH:  5    Dex: 13    Spells: 8/8 levels left

rFire   . . .      SeeInvis .   a - +1 war axe (protect)
rCold   . . .      Faith    .   c - +0 buckler
rNeg    + . .      Spirit   +   q - +0 chain mail
rPois   ∞          Reflect  .   C - +1 hat
rElec   +          Harm     .   y - +1 cloak
rCorr   .          Rampage  .   (no gloves)
Will    .....                   l - +0 pair of boots
Stlth   ..........              t - amulet of guardian spirit
HPRegen 0.18/turn               w - +6 ring of strength
MPRegen 0.17/turn               g - ring of magical power

@: marked, under a protective aura
A: sickness immunity, AC +6, negative energy resistance 1, electricity
resistance, torment resistance 1, petrification resistance, mutation resistance
1, sense surroundings 1
a: Renounce Religion, Heroism, Finesse


You were on level 8 of the Dungeon.
You worshipped Okawaru.
Okawaru was greatly pleased with you.
You visited 1 branch of the dungeon, and saw 8 of its levels.
You also visited: Ossuary.

You collected 446 gold pieces.

Inventory:

Hand Weapons
 a - a +1 war axe of protection (weapon)
 j - a +0 flail
Armour
 c - a +0 buckler (worn)
 l - a +0 pair of boots (worn)
 p - a +0 helmet
 q - a +0 chain mail (worn)
 y - a +1 cloak (worn)
 C - a +1 hat (worn)
Jewellery
 g - a ring of magical power (right hand)
 o - a ring of ice
 t - an amulet of guardian spirit (around neck)
 w - a +6 ring of strength (left hand)
Wands
 b - a wand of iceblast (9)
 n - a wand of polymorph (11)
 u - a wand of mindburst (15)
 z - a wand of flame (26)
 B - a wand of paralysis (2)
Scrolls
 r - 3 scrolls of identify
 s - 2 scrolls of teleportation
 v - 2 scrolls of enchant weapon
Potions
 d - a potion of might
 e - 2 potions of flight
 f - 5 potions of curing
 h - a potion of resistance
 i - a potion of invisibility
 k - 7 potions of heal wounds
 m - a potion of cancellation
 x - a potion of haste {unknown}
 A - a potion of attraction {unknown}


   Skills:
 + Level 5.7 Fighting
 + Level 7.3 Axes
 + Level 7.0 Armour
 + Level 5.2 Shields
 * Level 5.2 Invocations
 * Level 4.1 Evocations


You had 8 spell levels left.
You didn't know any spells.
Your spell library contained the following spells:

 Spells                   Type           Power      Damage    Failure   Level
 Hailstorm                Conj/Ice       0%         3d3       100%        4
 Ice Form                 Ice/Tmut       0%         N/A       100%        4
 Simulacrum               Ice/Necr       Unusable   N/A       N/A         6

Dungeon Overview and Level Annotations

Branches:
Dungeon (8/15)             Temple (0/1) D:6         Ossuary (visited)
   Lair: D:8-11

Altars:
Okawaru


Innate Abilities, Weirdness & Mutations

You are immune to sickness and miasma.
Your stone body is resilient. (AC +6)
You are immune to poison.
You resist negative energy. (rN+)
You are resistant to electric shocks. (rElec)
You are resistant to unholy torment.
You are immune to petrification.
You are somewhat resistant to further mutation.
You passively map a small area around you.


Message History

You block the manticore's attack. x2
A two-headed ogre comes into view. It is wielding two +0 giant clubs.
You slash the manticore!
You kill the manticore!
Okawaru is honoured by your kill.
You can now speed up your combat.
Your Armour skill increases to level 7!
Your Invocations skill increases to level 5!
Your Evocations skill increases to level 4!
You see here a manticore corpse.
You feel much better.
The two-headed ogre hits you but does no damage.
You block the two-headed ogre's attack.
You completely miss the two-headed ogre.
The two-headed ogre barely misses you.
The two-headed ogre hits you with a +0 giant club!
You slash the two-headed ogre!
The two-headed ogre is lightly wounded.
You hit the two-headed ogre.
The two-headed ogre is moderately wounded.
You block the two-headed ogre's attack. The two-headed ogre closely misses you.
You hit the two-headed ogre.
The two-headed ogre is moderately wounded.
The two-headed ogre hits you with a +0 giant club!!
The two-headed ogre hits you with a +0 giant club.
You hit the two-headed ogre.
The two-headed ogre is moderately wounded.
The two-headed ogre hits you but does no damage.
The two-headed ogre closely misses you.
You hit the two-headed ogre.
The two-headed ogre is heavily wounded.
You slash the two-headed ogre!
The two-headed ogre is severely wounded.
The two-headed ogre hits you but does no damage.
The two-headed ogre hits you with a +0 giant club!
* * * LOW HITPOINT WARNING * * *
You slash the two-headed ogre!
The two-headed ogre is almost dead.
The two-headed ogre hits you with a +0 giant club.
The two-headed ogre hits you with a +0 giant club!
You die...

, , * * , , ,
,, , * , #. *
*
####.#+######
, ,
.........[..#
, #O@....# * *
, +.....=# *,
, ,#......# *
#......####.#
+ * , ,
#.##.<......#
*
*#.*#.....####
* ,.. #.....#
, ,
###*#.....# ,
#.....#


You could see a two-headed ogre.

Vanquished Creatures
  A manticore (D:8)
  A wyvern (D:7)
  A water moccasin (D:5)
  A black bear (D:7)
  3 ice beasts
  An orc warrior (D:7)
  A sky beast (D:4)
  An ogre (D:7)
  A centaur (D:7)
  A kobold brigand (D:7)
  2 elf zombies (Ossuary)
  2 bullfrogs (D:7)
  A scorpion (D:5)
  4 howler monkeys
  5 centaur zombies (Ossuary)
  Crazy Yiuf (D:5)
  2 human zombies (Ossuary)
  4 hounds
  3 orc priests
  Ijyb (D:3)
  Jessica (D:3)
  3 orc wizards
  3 mummies (Ossuary)
  Robin (D:3)
  9 gnolls
  7 adders
  A shadow imp (D:5)
  3 white imps
  2 ufetubi
  3 adder zombies (Ossuary)
  A worm (D:4)
  3 dart slugs
  18 orcs
  6 endoplasms
  2 giant cockroaches
  14 goblins
  8 hobgoblins
  7 jackals
  A quokka (D:3)
  7 ball pythons
  3 bats
  A frilled lizard (D:2)
  A gnoll zombie (Ossuary)
  5 goblin zombies (Ossuary)
  6 hobgoblin zombies (Ossuary)
  9 kobolds
  4 kobold zombies (Ossuary)
  An orc zombie (Ossuary)
  2 quokka zombies (Ossuary)
  6 rats
  3 rat zombies (Ossuary)
178 creatures vanquished.

Notes
Turn   | Place    | Note
-------+----------+-------------------------------------------
     0 | D:1      | bande the Gargoyle Fighter began the quest for the Orb.
     0 | D:1      | Reached XP level 1. HP: 14/14 MP: 1/1
   236 | D:1      | Reached XP level 2. HP: 10/19 MP: 2/2
   633 | D:1      | Reached XP level 3. HP: 12/24 MP: 3/3
  1142 | D:1      | Found a faded altar of an unknown god.
  1514 | D:1      | Reached XP level 4. HP: 29/29 MP: 4/4
  2551 | D:2      | Found an iron altar of Okawaru.
  2557 | D:2      | Became a worshipper of Warmaster Okawaru
  2836 | D:3      | Noticed Jessica
  2840 | D:3      | Killed Jessica
  2841 | D:3      | Reached XP level 5. HP: 33/33 MP: 5/5
  2853 | D:3      | Noticed Ijyb
  2859 | D:3      | Killed Ijyb
  2951 | D:3      | Noticed Robin
  2977 | D:2      | Reached skill level 1 in Invocations
  3137 | D:3      | Killed Robin
  3343 | D:3      | Reached XP level 6. HP: 38/38 MP: 5/7
  4035 | D:4      | Noticed a sky beast
  4048 | D:4      | Killed a sky beast
  4048 | D:4      | Reached * piety under Okawaru
  4049 | D:4      | Reached skill level 5 in Armour
  4049 | D:4      | Reached skill level 1 in Evocations
  4841 | D:5      | Entered Level 5 of the Dungeon
  5091 | D:5      | Noticed an ice beast
  5354 | D:5      | Killed an ice beast
  5355 | D:5      | Reached XP level 7. HP: 30/44 MP: 5/8
  5770 | D:5      | Found a runed translucent door.
  5771 | D:5      | Noticed Crazy Yiuf
  5864 | D:5      | Reached ** piety under Okawaru
  6270 | D:5      | Killed Crazy Yiuf
  6415 | D:6      | Gained mutation: You passively map a small area around you.
                  | [potion of mutation]
  6415 | D:6      | Gained mutation: You are somewhat resistant to further
                  | mutation. [potion of mutation]
  6621 | D:6      | Reached XP level 8. HP: 41/48 MP: 10/10
  6666 | D:6      | Found a staircase to the Ecumenical Temple.
  6924 | D:6      | Reached skill level 5 in Axes
  7458 | D:7      | Noticed a wyvern
  7466 | D:7      | Killed a wyvern
  7466 | D:7      | Reached *** piety under Okawaru
  7467 | D:7      | Reached skill level 5 in Fighting
  7484 | D:7      | Found a sand-covered staircase.
  7512 | D:7      | Reached skill level 5 in Shields
  7512 | D:7      | Reached XP level 9. HP: 5/54 MP: 4/12
  7523 | Ossuary  | Entered an ossuary
  8020 | Ossuary  | Received a gift from Okawaru
  9069 | D:7      | Found an iron altar of Okawaru.
  9152 | D:8      | Noticed a manticore
  9163 | D:8      | Noticed a two-headed ogre
  9164 | D:8      | Killed a manticore
  9164 | D:8      | Reached **** piety under Okawaru
  9165 | D:8      | Reached skill level 5 in Invocations
  9174 | D:8      | Slain by a two-headed ogre

Illustrated notes

Levels and vault maps discovered:
D:1:      zelgadis_glass_arrival_small, layout_rooms,
          chequers_ecumenical_altar_simple, kennysheep_decorative_pillar,
          minivault_24, amcnicky_mini_pool_small, minmay_misc_feat_doors
D:2:      layout_rooms, serial_curves, eino_curves_03, eino_curves_03,
          basic_altar
D:3:      layout_loops_ring, minmay_checkerbox, uniq_ijyb, uniq_robin,
          uniq_jessica
D:4:      layout_rooms
D:5:      layout_loops_cross, uniq_crazy_yiuf_cottage
D:6:      layout_rooms, minmay_temple_entry_ruins
D:7:      layout_basic, kennysheep_mini_moat, nicolae_ossuary_entry_monument,
          kennysheep_generic_room_5
D:8:      layout_basic, uniq_joseph

Skill      XL: |  1  2  3  4  5  6  7  8  9 |
---------------+----------------------------+-----
Axes           | 2 3 4 6 7 |  7.3
Armour         | 4 5 6 7 |  7.0
Shields        | 4 5 |  5.2
Fighting       | 4 5 |  5.7
Invocations    | 1 2 3 4 5 |  5.2
Evocations     | 1 2 3 4 |  4.1

Action                   |  1- 3 |  4- 6 |  7- 9 || total
-------------------------+-------+-------+-------++-------
Melee: War axe           |    54 |   153 |   385 ||   592
  Use: Scroll            |     3 |    11 |     4 ||    18
       Potion            |       |       |     2 ||     2
Armor: Scale mail        |    37 |    46 |       ||    83
       Chain mail        |       |    81 |   314 ||   395
       Skin              |       |     2 |       ||     2
Dodge: Dodged            |    30 |    77 |   136 ||   243
Block: Buckler           |    17 |    44 |    85 ||   146

Table legend: (Time is in decaauts)
 A = Elapsed time spent in this place.
 B = Non-inter-level travel time spent in this place.
 C = Inter-level travel time spent in this place.
 D = Time resting spent in this place.
 E = Time spent auto-exploring this place.
 F = Levels seen in this place.
 G = Mean time per level.
                   A        B        C        D        E       F      G
               +--------+--------+--------+--------+--------+-----+--------+
         Total |   9359 |   9180 |    179 |   3019 |   4431 |   9 | 1039.9 |
       Dungeon |   8705 |   8526 |    179 |   2759 |   4270 |   8 | 1088.1 |
       Ossuary |    654 |    654 |      0 |    260 |    161 |   1 |  654.0 |
               +--------+--------+--------+--------+--------+-----+--------+

Top non-repeatable levels by time:
     D:1: 1835 daAuts
     D:7: 1505 daAuts
     D:5: 1321 daAuts
     D:2: 1170 daAuts
     D:4: 1156 daAuts
     D:3: 1010 daAuts
     D:6: 672 daAuts
 Ossuary: 654 daAuts
     D:8: 34 daAuts
